 Dungeon Crawl Stone Soup version 0.31-a0-164-g2312942fda (webtiles) character file.

Game seed: 5141335396746433519

211 qw the Chopper (level 5, -6/33 HPs)
             Began as a Gargoyle Fighter on June 13, 2023.
             Mangled by a wyvern (10 damage)
             ... on level 4 of the Dungeon.
             The game lasted 00:01:31 (3360 turns).

qw the Chopper (Gargoyle Fighter)                   Turns: 3360, Time: 00:01:31

Health: -6/33      AC: 17    Str: 22    XL:     5   Next: 88%
Magic:  4/4        EV:  6    Int:  8    God:
Gold:   54         SH:  4    Dex:  9    Spells: 4/4 levels left

rFire   . . .        Y - +0 war axe
rCold   . . .        c - +0 buckler
rNeg    + . .        f - +0 plate armour
rPois   inf          (no helmet)
rElec   +            (no cloak)
rCorr   +            k - +1 pair of gloves
SInv    .            (no boots)
Will    .....        (no amulet) Stlth
                     p - ring of resist corrosion
HPRegen 0.25/turn    (no ring)
MPRegen 0.09/turn

%: clarity
@: about to teleport
A: sickness immunity, AC +4, negative energy resistance 1, electricity
resistance, torment resistance 1, petrification resistance, clarity, low MP 1
a: no special abilities


You were on level 4 of the Dungeon.
You visited 1 branch of the dungeon, and saw 5 of its levels.

You collected 154 gold pieces.
You spent 100 gold pieces at shops.


Innate Abilities, Weirdness & Mutations

You are immune to sickness and miasma.
Your stone body is resilient. (AC +4)
You are immune to poison.
You resist negative energy. (rN+)
You are resistant to electric shocks. (rElec)
You are resistant to unholy torment.
You are immune to petrification.
You possess an exceptional clarity of mind.
Your magical capacity is low. (-10% MP)


   Skills:
 + Level 3.8 Fighting
 - Level 5.1 Axes
 - Level 3.2 Armour
 - Level 3.2 Shields


You had 4 spell levels left.
You didn't know any spells.
Your spell library was empty.

Inventory:

Hand Weapons
 b - a +0 mace
 Y - a +0 war axe (weapon)
Armour
 c - a +0 buckler (worn)
 f - a +0 plate armour (worn)
 k - a +1 pair of gloves (worn)
Jewellery
 p - a ring of resist corrosion (left hand)
Potions
 a - a potion of heal wounds
 d - a potion of might
 g - a potion of lignification
 h - a potion of haste
 i - 2 potions of mutation
 j - a potion of attraction
 m - 2 potions of curing

Dungeon Overview and Level Annotations

Branches:
Dungeon (5/15)
 Temple: D:4-7

Altars:
Ashenzari

Shops:
D:4 **


Message History

You feel your willpower return.
You are starting to lose your buoyancy.
There is a stone staircase leading down here.
You fly downwards.
The wyvern hisses angrily.
Found a quarterstaff and a scroll labelled JAORUUHAXY.
There is a stone staircase leading up here.
A wyvern is nearby!
Waypoint 4 assigned to D:5.
You closely miss the wyvern.
The wyvern bites you but does no damage.
You block the wyvern's attack.
You closely miss the wyvern. The wyvern bites you.
You block the wyvern's attack.
3356 ||| STAIRDANCE You float gracefully downwards.
The wyvern bites you!
You climb upwards.
Your enlightenment fades.
There is a stone staircase leading down here.
Enter note:
Enter note:
Enter note:
Enter note:
Enter note:
Enter note:
Enter note:
Enter note:
Enter note: You hit the wyvern.
The wyvern is lightly wounded.
The wyvern bites you!
The wyvern bites you but does no damage.
You slash the wyvern!
The wyvern is heavily wounded.
The wyvern closely misses you. The wyvern bites you.
3360 ||| READING scroll of teleportation.
As you read the scroll of teleportation, it crumbles to dust.
You feel strangely unstable. The wyvern bites you!
You die...

#.....#.# #........#...
#####...########### #.####...####
#####............###.###8...8# #
#~~##..###.......##...###?..####
##~~##..# #.......#.....##...##}#
..~~##..# #.............##.......
#.~~....# #.......#....)#8.......
#.~~.######.......##...###.......
7.~~.777#......l@.###.## ##8###}#
..~~...7###.####### #.# ########
8.~~.7.7 #.# ##.####.#.## #
..~~...7 #.# ####...##.###.###
\....\.7 #.# #........## ##.).
..~~...7 ##.## #.##....#.###.#.~
7.~~.8.7##...####.###.#.##.#.##.~
..~~...7#......##.# #...........~
7.~~.777##...#.##.# ###.#######.~


You could see a wyvern.

Vanquished Creatures
  A scorpion (D:4)
  An iguana (D:4)
  Terence (D:2)
  2 adders
  2 worms (D:2)
  10 ball pythons
  8 endoplasms
  A giant cockroach (D:2)
  7 goblins
  15 hobgoblins
  3 jackals (D:2)
  3 kobolds
  4 quokkas
  6 bats
  A frilled lizard (D:1)
  4 rats
69 creatures vanquished.

Notes
Turn   | Place    | Note
-------+----------+-------------------------------------------
     0 | D:1      | qw the Gargoyle Fighter began the quest for the Orb.
     0 | D:1      | Reached XP level 1. HP: 14/14 MP: 1/1
     0 | D:1      | 0 ||| qw: Version: 0.2-a-29-gc1b59c4
     0 | D:1      | 0 ||| qw: Game counter: 4525
     0 | D:1      | 0 ||| qw: Always use a shield: true
     0 | D:1      | 0 ||| qw: God list: Okawaru
     0 | D:1      | 0 ||| qw: Allow faded altars: false
     0 | D:1      | 0 ||| qw: Do Orc after D:15 true
     0 | D:1      | 0 ||| qw: Do second Lair branch before Depths: true
     0 | D:1      | 0 ||| qw: Lair rune preference: random
     0 | D:1      | 0 ||| qw: Plans: Normal, Zot:1-4, Slime:5, God:TSO, Crypt,
                  | Tomb, Abyss, Pan, Hells, Win
     0 | D:1      | 0 ||| PLANNING D:1-11
   134 | D:1      | Reached skill level 2 in Axes
   195 | D:1      | Reached XP level 2. HP: 19/19 MP: 2/2
   418 | D:1      | 418 ||| Stepping ~*~*~tactically~*~*~ (stealth).
   731 | D:1      | 731 ||| UPGRADING to +0 plate armour.
   741 | D:1      | 741 ||| DROPPING +0 scale mail.
   742 | D:1      | 742 ||| UPGRADING to +1 pair of gloves.
   747 | D:1      | 747 ||| READING 2 scrolls labelled LEUSEZIEHO.
   750 | D:1      | 750 ||| READING scroll labelled ZEFFO EMUUTE.
   751 | D:1      | 751 ||| DRINKING 2 white potions.
   751 | D:1      | Gained mutation: You possess an exceptional clarity of
                  | mind. [potion of mutation]
   751 | D:1      | Gained mutation: Your magical capacity is low. (-10% MP)
                  | [potion of mutation]
   792 | D:2      | 792 ||| DROPPING +0 whip.
   852 | D:2      | Reached skill level 3 in Axes
   900 | D:2      | Reached XP level 3. HP: 23/23 MP: 2/2
   909 | D:2      | 909 ||| Stepping ~*~*~tactically~*~*~ (hiding).
  1186 | D:2      | Noticed Terence
  1210 | D:2      | HP: 4/23 [Terence/+0 hand axe (8)]
  1211 | D:2      | 1211 ||| READING scroll of teleportation.
  1212 | D:2      | 1212 ||| DRINKING potion of heal wounds.
  1249 | D:2      | Killed Terence
  1250 | D:2      | Reached skill level 4 in Axes
  1250 | D:2      | Reached XP level 4. HP: 24/28 MP: 3/3
  1416 | D:2      | 1416 ||| READING scroll labelled UMIGUMEPET.
  1417 | D:2      | 1417 ||| READING scroll labelled USUSHU MIHEHEH.
  1418 | D:2      | 1418 ||| DRINKING 2 amethyst potions.
  1449 | D:2      | 1449 ||| DRINKING 2 glowing black potions.
  1645 | D:3      | 1645 ||| Stepping ~*~*~tactically~*~*~ (stealth).
  1646 | D:3      | 1646 ||| Stepping ~*~*~tactically~*~*~ (stealth).
  1790 | D:3      | 1790 ||| Stepping ~*~*~tactically~*~*~ (stealth).
  1791 | D:3      | 1791 ||| Stepping ~*~*~tactically~*~*~ (stealth).
  1792 | D:3      | 1792 ||| Stepping ~*~*~tactically~*~*~ (stealth).
  1866 | D:3      | Found a faded altar of an unknown god.
  1957 | D:3      | Found a broken altar of Ashenzari.
  2172 | D:3      | 2172 ||| FLEEEEING.
  2173 | D:3      | 2173 ||| FLEEEEING.
  2174 | D:3      | 2174 ||| FLEEEEING.
  2175 | D:3      | 2175 ||| FLEEEEING.
  2181 | D:3      | 2181 ||| Stepping ~*~*~tactically~*~*~ (hiding).
  2473 | D:3      | 2473 ||| READING scroll labelled HUVVOV VIFOR.
  2474 | D:3      | 2474 ||| READING scroll labelled FUDABU OSMUXKA.
  2475 | D:3      | 2475 ||| READING scroll labelled MEUZ YNIHO.
  2476 | D:3      | 2476 ||| DRINKING 2 silvery potions.
  2525 | D:4      | Reached XP level 5. HP: 32/32 MP: 4/4
  2729 | D:4      | Found Caih's Assorted Antiques.
  2730 | D:4      | Found Damuodup's Assorted Antiques.
  2738 | D:4      | 2738 ||| SHOPLISTING glowing chain mail (210 gold, have
                  | 113).
  2738 | D:4      | 2738 ||| BUYING scroll labelled HASTROAQ IQUDUDE (28 gold).
  2738 | D:4      | Bought a scroll labelled HASTROAQ IQUDUDE for 28 gold
                  | pieces
  2738 | D:4      | 2738 ||| BUYING scroll labelled TEADWELITE (28 gold).
  2738 | D:4      | Bought a scroll labelled TEADWELITE for 28 gold pieces
  2738 | D:4      | 2738 ||| BUYING viscous ruby potion (25 gold).
  2738 | D:4      | Bought a viscous ruby potion for 25 gold pieces
  2738 | D:4      | 2738 ||| Stepping ~*~*~tactically~*~*~ (stealth).
  2752 | D:4      | Reached skill level 5 in Axes
  2773 | D:4      | 2773 ||| SHOPLISTING gold wand (88 gold, have 32).
  2773 | D:4      | 2773 ||| SHOPLISTING potion of haste (220 gold, have 32).
  2773 | D:4      | 2773 ||| SHOPLISTING scroll of identify (44 gold, have 32).
  2773 | D:4      | 2773 ||| BUYING viscous ruby potion (19 gold).
  2773 | D:4      | Bought a viscous ruby potion for 19 gold pieces
  2773 | D:4      | 2773 ||| SHOPLISTING viscous ruby potion (19 gold, have
                  | 13).
  3305 | D:4      | 3305 ||| UPGRADING to ring of resist corrosion.
  3306 | D:4      | 3306 ||| READING scroll labelled HASTROAQ IQUDUDE.
  3307 | D:4      | 3307 ||| READING scroll labelled TEADWELITE.
  3308 | D:4      | 3308 ||| DRINKING 2 puce potions.
  3309 | D:4      | 3309 ||| DRINKING 3 viscous ruby potions.
  3310 | D:4      | 3310 ||| DROPPING potion of enlightenment.
  3351 | D:5      | Entered Level 5 of the Dungeon
  3351 | D:5      | Noticed a wyvern
  3356 | D:5      | 3356 ||| STAIRDANCE
  3359 | D:4      | HP: 4/33 [wyvern (6)]
  3360 | D:4      | 3360 ||| READING scroll of teleportation.
  3360 | D:4      | Mangled by a wyvern

Levels and vault maps discovered:
D:1:      ldierk_walled_garden, layout_basic, chequers_serial_rivers_large_b,
          minmay_fountain_box
D:2:      layout_rooms, uniq_terence
D:3:      layout_loops_cross, evilmike_ruin_ashenzari,
          dreamdust_ecumenical_altar_hidden_monk_grotto,
          kennysheep_generic_room_7
D:4:      layout_loops_ring, nicolae_wooded_promenade, corexii_hall_statues_u,
          kennysheep_boxes
D:5:      layout_cave_pools, zin_angel, nemelex_xobeh_ov_fountains_minmay,
          grunt_qazlal_clouds, nicolae_overflow_crystal_walls

Skill      XL: |  1  2  3  4  5 |
---------------+----------------+-----
Axes           | 2 3 4 5 |  5.1
Fighting       | |  3.8
Armour         | |  3.2
Shields        | |  3.2

Action                     |  1- 3 |  4- 6 || total
---------------------------+-------+-------++-------
  Melee: War axe           |   114 |    82 ||   196
    Use: Scroll            |     3 |     8 ||    11
         Potion            |     2 |     5 ||     7
 Armour: Scale mail        |    18 |       ||    18
         Plate armour      |    42 |    40 ||    82
  Dodge: Dodged            |    34 |    16 ||    50
  Block: Buckler           |    21 |     7 ||    28

Table legend:
 A = Non-vault XP
 B = Vault XP
 C = Vault XP percentage of total XP
 D = Non-vault monster count
 E = Vault monster count
 F = Vault count percentage of total count
                 A         B        C        D         E       F
            +---------+---------+-------+---------+---------+-------
      Total |     264 |      38 |  12.6 |      67 |       2 |   2.9
            +---------+---------+-------+---------+---------+-------
        D:1 |      19 |       0 |   0.0 |      12 |       0 |   0.0
        D:2 |      56 |      36 |  39.1 |      27 |       1 |   3.6
        D:3 |      42 |       2 |   4.5 |      18 |       1 |   5.3
        D:4 |     147 |       0 |   0.0 |      10 |       0 |   0.0
            +---------+---------+-------+---------+---------+-------
